 Dungeon Crawl Stone Soup version 0.21.1-1-g345015fe64 (webtiles) character file.

212 Ivernyr the Charmwright (level 6, 0/44 HPs)
             Began as a Human Skald on May 2, 2018.
             Killed from afar by an orc wizard (9 damage)
             ... with a magic dart
             ... on level 3 of the Dungeon.
             The game lasted 00:10:11 (3762 turns).

Ivernyr the Charmwright (Human Skald)               Turns: 3762, Time: 00:10:13

Health: 0/44       AC:  3    Str: 11    XL:     6   Next: 13%
Magic:  7/9        EV: 15    Int: 17    God:
Gold:   121        SH:  0    Dex: 14    Spells: 4/9 levels left

rFire    . . .     SeeInvis .   a - +0 falchion
rCold    . . .     Gourm    .   (no shield)
rNeg     . . .     Faith    .   b - +0 leather armour
rPois    .         Spirit   .   (no helmet)
rElec    .         Reflect  .   (no cloak)
rCorr    .         Harm     .   (no gloves)
MR       .....                  (no boots)
Stlth    +.........             (no amulet)
HPRegen  0.14/turn              i - +3 ring of evasion
MPRegen  0.11/turn              v - +3 ring of intelligence

@: confused
A: no striking features
a: no special abilities


You were on level 3 of the Dungeon.
You were hungry.

You visited 1 branch of the dungeon, and saw 4 of its levels.

You collected 121 gold pieces.

Inventory:

Hand Weapons
 a - a +0 falchion (weapon)
Armour
 b - a +0 leather armour (worn)
 j - a +0 buckler
Jewellery
 i - a +3 ring of evasion (left hand)
 p - an uncursed ring of flight {unknown}
 v - a +3 ring of intelligence (right hand)
Scrolls
 e - 3 scrolls of teleportation {unknown}
 f - 2 scrolls of magic mapping {unknown}
 h - 2 scrolls of identify {unknown}
 m - a scroll of fog {unknown}
 o - a scroll of blinking {unknown}
 r - 3 scrolls of amnesia {unknown}
 u - 2 scrolls of remove curse {unknown}
Potions
 g - a potion of degeneration {unknown}
 k - 2 potions of flight {unknown}
 l - a potion of might {unknown}
 n - 2 potions of curing {unknown}
 q - a potion of cancellation {unknown}
 s - a potion of mutation {unknown}
 t - a potion of lignification {unknown}
Books
 c - a book of Battle

   Spells                             Type                      Level
   a - Infusion                       Charms                       1
   b - Shroud of Golubria             Charms/Translocation         2
   c - Song of Slaying                Charms                       2
   d - Spectral Weapon                Hexes/Charms                 3
   e - Regeneration                   Charms/Necromancy            3
Comestibles
 d - 7 rations


   Skills:
 - Level 2.0 Fighting
 + Level 3.1 Long Blades
 + Level 2.7 Armour
 - Level 2.0 Dodging
 * Level 3.1 Shields
 - Level 2.0 Spellcasting
 + Level 3.8 Charms


You had 4 spell levels left.
You knew the following spells:

 Your Spells              Type           Power        Failure   Level  Hunger
a - Shroud of Golubria    Chrm/Tloc      #.........   17%         2    ###....
b - Song of Slaying       Chrm           ##......     8%          2    ###....
c - Infusion              Chrm           ##..         4%          1    #......


Dungeon Overview and Level Annotations

Branches:
Dungeon (4/15)
 Temple: D:4-7

Altars:


Message History

You feel less confused.
Your shroud bends something's attack away.
You hit something but do no damage.
Your shroud begins to fray at the edges.
Something closely misses you.
You hit something but do no damage. Something barely misses you.
You closely miss something. Something hits you but does no damage.
You hit something.
You hear some strange, mumbled words.
You are confused.
You miss something. Something hits you.
* * * LOW HITPOINT WARNING * * *
You miss something.
Your shroud unravels.
An orc wizard appears from thin air!
Reactivating autopickup.
The orc wizard misses you. The orc wizard casts a spell at you.
The magic dart hits you!
You die...

.....#
#.####.)..#######.#.#
###### #.####.#.###
#...>..##### # #..........#
#.##.<...... # ##.#####.#.#
#.##......## # #.# #.#.#
#.####.##.## # #.# #=#.#
#.# #.#...# # #.#
#.#.###.####.##.## # #.#
#.#..........##.# #
#.#####@#####.#######.#
#.##.>)o...##.# #.#
#.##%#####.##.# #.## #.##.#
#.##.# #... #.##.# #....#
###. #.##.# #..### #.
#.##.#####..# #.
##.##........# #.
###...##.#####.###########.


You could see an orc wizard.

Vanquished Creatures
  A hound (D:4)
  A centaur skeleton (D:4)
  5 gnolls
  5 adders
  An ooze (D:2)
  A worm (D:2)
  A dart slug (D:1)
  5 leopard geckos
  5 orcs (D:3)
  2 ball pythons (D:3)
  3 giant cockroaches
  3 goblins (D:2)
  2 jackals (D:4)
  A quokka (D:3)
  8 bats
  A frilled lizard (D:3)
  2 kobolds
  2 rats
49 creatures vanquished.

Vanquished Creatures (others)
  5 toadstools (D:1)
5 creatures vanquished.

Grand Total: 54 creatures vanquished

Notes
Turn   | Place    | Note
-------+----------+-------------------------------------------
     0 | D:1      | Ivernyr the Human Skald began the quest for the Orb.
     0 | D:1      | Reached XP level 1. HP: 16/16 MP: 3/3
   435 | D:1      | Reached XP level 2. HP: 22/22 MP: 5/5
   516 | D:1      | Learned a level 2 spell: Song of Slaying
   519 | D:1      | Learned a level 2 spell: Shroud of Golubria
   665 | D:2      | Reached skill level 1 in Shields
   665 | D:2      | Reached XP level 3. HP: 16/27 MP: 4/6
  1361 | D:2      | Reached XP level 4. HP: 30/33 MP: 5/7
  2592 | D:3      | Reached XP level 5. HP: 22/38 MP: 6/8
  3506 | D:4      | Reached XP level 6. HP: 37/44 MP: 9/9
  3762 | D:3      | Killed from afar by an orc wizard

Skill      XL: |  1  2  3  4  5 |
---------------+----------------+-----
Shields        | 1 2 3 |  3.1
Armour         | 2 |  2.7
Long Blades    | 3 |  3.1
Fighting       | |  2.0
Dodging        | |  2.0
Spellcasting   | |  2.0
Charms         | |  3.8

Action                   |  1- 3 |  4- 6 || total
-------------------------+-------+-------++-------
Melee: Falchion          |    60 |   154 ||   214
 Cast: Shroud of Golubri |     5 |    10 ||    15
       Infusion          |     1 |       ||     1
  Use: Potion            |     1 |       ||     1
 Stab: Sleeping          |       |     1 ||     1
  Eat: Chunk             |       |    10 ||    10
Armor: Leather armour    |    15 |    30 ||    45
Dodge: Dodged            |    52 |   155 ||   207
       Rpst.: Falchion   |    16 |    49 ||    65
